NPBL
WASHINGTON GRIFFINS @ COLORADO RAMS
09/16/2098
 
TOP OF THE 1ST
Washington Griffins batting - Pitching for Colorado Rams : RHP Johão Marim
Pitching: RHP Johão Marim
Batting: RHB Burt Session 0-0: Ball
1-0: Foul Ball, location: 2F
1-1: Swinging Strike
1-2: Foul Ball, location: 23F
1-2: Foul Ball, location: 9LMF
1-2: Strikes out looking
Batting: SHB José Falinas 0-0: Ball
1-0: Foul Ball, location: 9LSFF
1-1: Ball
2-1: Fly out, F8 (Line Drive, 78M, EV 91.9 MPH)
Batting: SHB Manny Espinoza 0-0: Ball
1-0: Ball
2-0: Foul Ball, location: 5F
2-1: Ball
3-1: Called Strike
3-2: Strikes out swinging
Top of the 1st over - 0 runs, 0 hits, 0 errors, 0 left on base; Washington 0 - Colorado 0
BOTTOM OF THE 1ST
Colorado Rams batting - Pitching for Washington Griffins : RHP Jorge Mateo
Pitching: RHP Jorge Mateo
Batting: LHB Adán Serrano 0-0: Ball
1-0: Ground out U3 (Groundball, 3, EV 83.8 MPH)
Batting: RHB Milton Mitchell 0-0: Ball
1-0: Ball
2-0: Foul Ball, location: 2F
2-1: SOLO HOME RUN (Flyball, 78XD, EV 98.8 MPH), Distance : 390 ft
Batting: LHB Carlos Valéncia 0-0: Ball
1-0: Swinging Strike
1-1: Foul Ball, location: 25F
1-2: Foul Ball, location: 3F
1-2: Ball
2-2: Foul Ball, location: 2F
2-2: Ball
3-2: Foul Ball, location: 9LSF
3-2: Foul Ball, location: 7LSF
3-2: Foul Ball, location: 5FF
3-2: Foul Ball, location: 2F
3-2: Fly out, F9 (Flyball, 9D, EV 74.4 MPH)
Batting: LHB Dino Buonaiuti 0-0: Foul Ball, location: 2F
0-1: Ground out 4-3 (Groundball, 4, EV 100.6 MPH)
Bottom of the 1st over - 1 run, 1 hit, 0 errors, 0 left on base; Washington 0 - Colorado 1
TOP OF THE 2ND
Washington Griffins batting - Pitching for Colorado Rams : RHP Johão Marim
Batting: RHB Duncan Martin 0-0: Ball
1-0: Foul Ball, location: 2F
1-1: Called Strike
1-2: Foul Ball, location: 25F
1-2: Ball
2-2: Ground out 4-3 (Groundball, 34, EV 101.9 MPH)
Batting: LHB Bruce Pether 0-0: Called Strike
0-1: Ball
1-1: Ball
2-1: Called Strike
2-2: Strikes out swinging
Batting: RHB Henry Walters 0-0: Ball
1-0: SINGLE (Groundball, 34D, EV 107.5 MPH)
Batting: RHB Gerard Goodwin 0-0: Called Strike
0-1: Ball
1-1: Ball
2-1: Ball
3-1: Called Strike
3-2: Foul Ball, location: 2F
3-2: Foul Ball, location: 2F
3-2: Strikes out swinging
Top of the 2nd over - 0 runs, 1 hit, 0 errors, 1 left on base; Washington 0 - Colorado 1
BOTTOM OF THE 2ND
Colorado Rams batting - Pitching for Washington Griffins : RHP Jorge Mateo
Batting: RHB Luis Rogers 0-0: Ball
1-0: Called Strike
1-1: Called Strike
1-2: Foul Ball, location: 9LMF
1-2: Ball
2-2: Ball
3-2: Ground out 4-3 (Groundball, 4, EV 79.4 MPH)
Batting: RHB Paul Williams 0-0: Called Strike
0-1: Called Strike
0-2: SINGLE (Groundball, 34D, EV 107.5 MPH)
Batting: RHB Edgar Sosa 0-0: Ground out 5-3 (Groundball, 5L, EV 101.9 MPH)
Paul Williams to second
Batting: RHB Nick Davidson 0-0: Called Strike
0-1: Ball
1-1: Ball
2-1: Foul Ball, location: 5F
2-2: SINGLE (Flyball, 78M, EV 96.9 MPH)
Paul Williams to third
Throwing error, E8
Paul Williams scores
Nick Davidson to second
Batting: RHB Johão Marim 0-0: Ground out 6-3 (Groundball, 6, EV 105.6 MPH)
Bottom of the 2nd over - 1 run, 2 hits, 1 error, 1 left on base; Washington 0 - Colorado 2
TOP OF THE 3RD
Washington Griffins batting - Pitching for Colorado Rams : RHP Johão Marim
Batting: RHB Randy Dawson 0-0: Ball
1-0: Foul Ball, location: 9LSF
1-1: Swinging Strike
1-2: Ball
2-2: Strikes out looking
Batting: LHB Jorge Mateo 0-0: Swinging Strike
0-1: Called Strike
0-2: Strikes out swinging
Batting: RHB Burt Session 0-0: Called Strike
0-1: Ball
1-1: Foul Ball, location: 3F
1-2: Ball
2-2: Ball
3-2: Foul Ball, location: 3SF
3-2: Strikes out looking
Top of the 3rd over - 0 runs, 0 hits, 0 errors, 0 left on base; Washington 0 - Colorado 2
BOTTOM OF THE 3RD
Colorado Rams batting - Pitching for Washington Griffins : RHP Jorge Mateo
Batting: LHB Adán Serrano 0-0: Ball
1-0: SOLO HOME RUN (Flyball, 9LD, EV 95.6 MPH), Distance : 351 ft
Batting: RHB Milton Mitchell 0-0: Called Strike
0-1: Ball
1-1: Swinging Strike
1-2: Foul Ball, location: 3DF
1-2: Foul Ball, location: 5F
1-2: SOLO HOME RUN (Flyball, 9D, EV 93.8 MPH), Distance : 358 ft
Batting: LHB Carlos Valéncia 0-0: Ball
1-0: Ball
2-0: Ground out 3-1 (Groundball, 34S, EV 85.6 MPH)
Batting: LHB Dino Buonaiuti 0-0: Foul Ball, location: 2F
0-1: SOLO HOME RUN (Flyball, 89XD, EV 105.6 MPH), Distance : 429 ft
Batting: RHB Luis Rogers 0-0: Called Strike
0-1: Fly out, F9 (Line Drive, 9S, EV 85.0 MPH)
Batting: RHB Paul Williams 0-0: Ball
1-0: Ground out 4-3 (Groundball, 4MD, EV 103.8 MPH)
Bottom of the 3rd over - 3 runs, 3 hits, 0 errors, 0 left on base; Washington 0 - Colorado 5
TOP OF THE 4TH
Washington Griffins batting - Pitching for Colorado Rams : RHP Johão Marim
Batting: SHB José Falinas 0-0: Ball
1-0: Ball
2-0: Ball
3-0: Called Strike
3-1: Foul Ball, location: 2F
3-2: Strikes out swinging
Batting: SHB Manny Espinoza 0-0: Ball
1-0: Ball
2-0: SINGLE (Groundball, 5D, EV 105.6 MPH)
Batting: RHB Duncan Martin 0-0: Called Strike
0-1: Swinging Strike
0-2: Ball
1-2: Grounds into double play, 5-4-3 (Groundball, 56S, EV 86.3 MPH)
Top of the 4th over - 0 runs, 1 hit, 0 errors, 0 left on base; Washington 0 - Colorado 5
BOTTOM OF THE 4TH
Colorado Rams batting - Pitching for Washington Griffins : RHP Jorge Mateo
Batting: RHB Edgar Sosa 0-0: Ball
1-0: Called Strike
1-1: Foul Ball, location: 9LSF
1-2: Ground out 2-3 (Groundball, 13S, EV 72.5 MPH)
Batting: RHB Nick Davidson 0-0: Fly out, F8 (Line Drive, 8LM, EV 86.3 MPH)
Batting: RHB Johão Marim 0-0: Ball
1-0: Ball
2-0: Swinging Strike
2-1: Foul Ball, location: 2F
2-2: Ground out U3 (Groundball, 34, EV 101.3 MPH)
Bottom of the 4th over - 0 runs, 0 hits, 0 errors, 0 left on base; Washington 0 - Colorado 5
TOP OF THE 5TH
Washington Griffins batting - Pitching for Colorado Rams : RHP Johão Marim
Batting: LHB Bruce Pether 0-0: Ball
1-0: Ball
2-0: Ball
3-0: Called Strike
3-1: Foul Ball, location: 2LF
3-2: Reached on error, E4 (Groundball, 34, EV 106.9 MPH)
Batting: RHB Henry Walters 0-0: Called Strike
0-1: SINGLE (Line Drive, 9S, EV 105.6 MPH)
Bruce Pether to second
Batting: RHB Gerard Goodwin 0-0: Foul Ball, location: 9LDF
0-1: Called Strike
0-2: Grounds into double play, 4-6-3 (Groundball, 4, EV 101.3 MPH)
Bruce Pether to third
Batting: RHB Randy Dawson 0-0: Foul Ball, location: 9LDF
0-1: Foul Ball, location: 7LMF
0-2: Ball
1-2: Ball
2-2: Strikes out looking
Top of the 5th over - 0 runs, 1 hit, 1 error, 1 left on base; Washington 0 - Colorado 5
BOTTOM OF THE 5TH
Colorado Rams batting - Pitching for Washington Griffins : RHP Jorge Mateo
Batting: LHB Adán Serrano 0-0: Ball
1-0: Swinging Strike
1-1: Foul Ball, location: 2F
1-2: Foul Ball, location: 23F
1-2: Ground out 4-3 (Groundball, 4, EV 104.4 MPH)
Batting: RHB Milton Mitchell 0-0: Ball
1-0: Called Strike
1-1: Ball
2-1: Ball
3-1: Base on Balls
Pitching: RHP Scott Coggan
Batting: LHB Carlos Valéncia 0-0: Ball
1-0: Fly out, F9 (Flyball, 9, EV 96.9 MPH)
Batting: LHB Dino Buonaiuti 0-0: Ball
Milton Mitchell steals 2nd base
1-0: Ball
2-0: Foul Ball, location: 5DF
2-1: Called Strike
2-2: Foul Ball, location: 5F
2-2: 2-RUN HOME RUN (Flyball, 78XD, EV 97.5 MPH), Distance : 395 ft
Batting: RHB Luis Rogers 0-0: Ball
1-0: Ball
2-0: Called Strike
2-1: Foul Ball, location: 2F
2-2: Foul Ball, location: 3FF
2-2: Ball
3-2: Foul Ball, location: 2F
3-2: SINGLE (Groundball, 56D, EV 95.0 MPH)
Batting: RHB Paul Williams 0-0: Called Strike
0-1: Ball
1-1: Ball
2-1: SINGLE (Line Drive, 3L, EV 96.3 MPH)
Luis Rogers to second
Runner from 2nd tries for 3rd, SAFE, throw by RF made to third
Batting: RHB Edgar Sosa 0-0: Ball
1-0: Fly out, F8 (Flyball, 8RM, EV 91.9 MPH)
Bottom of the 5th over - 2 runs, 3 hits, 0 errors, 2 left on base; Washington 0 - Colorado 7
TOP OF THE 6TH
Washington Griffins batting - Pitching for Colorado Rams : RHP Johão Marim
Pinch Hitting: LHB Jesús Trujillo 0-0: Ball
1-0: Foul Ball, location: 2F
1-1: Foul Ball, location: 2F
1-2: Strikes out looking
Batting: RHB Burt Session 0-0: SINGLE (Flyball, 89S, EV 86.3 MPH)
Batting: SHB José Falinas 0-0: Called Strike
0-1: Ball
1-1: Called Strike
1-2: Strikes out looking
Batting: SHB Manny Espinoza 0-0: DOUBLE (Line Drive, 8LD, EV 105.0 MPH)
Burt Session to third
Runner from 3rd tries for Home, throw by CF and OUT! 8-6-2
Top of the 6th over - 0 runs, 2 hits, 0 errors, 1 left on base; Washington 0 - Colorado 7
BOTTOM OF THE 6TH
Colorado Rams batting - Pitching for Washington Griffins : RHP Scott Coggan
Pitching: RHP Sixto Peña
Batting: RHB Nick Davidson 0-0: Ball
1-0: Fly out, F9 (Flyball, 9, EV 84.4 MPH)
Batting: RHB Johão Marim 0-0: Foul Ball, location: 3F
0-1: Swinging Strike
0-2: Strikes out swinging
Batting: LHB Adán Serrano 0-0: Called Strike
0-1: Called Strike
0-2: Ball
1-2: Foul Ball, location: 3FF
1-2: Ball
2-2: Foul Ball, location: 7LMF
2-2: Fly out, F9 (Line Drive, 89M, EV 91.3 MPH)
Bottom of the 6th over - 0 runs, 0 hits, 0 errors, 0 left on base; Washington 0 - Colorado 7
TOP OF THE 7TH
Washington Griffins batting - Pitching for Colorado Rams : RHP Johão Marim
Batting: RHB Duncan Martin 0-0: Ball
1-0: Ground out 6-3 (Groundball, 6, EV 86.9 MPH)
Batting: LHB Bruce Pether 0-0: Fly out, F9 (Flyball, 89XD, EV 111.3 MPH)
Batting: RHB Henry Walters 0-0: Fly out, F7 (Flyball, 7, EV 81.9 MPH)
Top of the 7th over - 0 runs, 0 hits, 0 errors, 0 left on base; Washington 0 - Colorado 7
BOTTOM OF THE 7TH
Colorado Rams batting - Pitching for Washington Griffins : RHP Sixto Peña
Batting: RHB Milton Mitchell 0-0: Ball
1-0: Called Strike
1-1: Ball
2-1: Swinging Strike
2-2: Foul Ball, location: 2F
2-2: Foul Ball, location: 2F
2-2: Strikes out swinging
Batting: LHB Carlos Valéncia 0-0: Swinging Strike
0-1: Ball
1-1: Called Strike
1-2: Foul Ball, location: 2F
1-2: Strikes out swinging
Batting: LHB Dino Buonaiuti 0-0: Ground out 4-3 (Groundball, 4, EV 85.0 MPH)
Bottom of the 7th over - 0 runs, 0 hits, 0 errors, 0 left on base; Washington 0 - Colorado 7
TOP OF THE 8TH
Washington Griffins batting - Pitching for Colorado Rams : RHP Johão Marim
Batting: RHB Gerard Goodwin 0-0: Foul Ball, location: 2F
0-1: Ball
1-1: Ball
2-1: Ball
3-1: Swinging Strike
3-2: Base on Balls
Batting: RHB Randy Dawson 0-0: Swinging Strike
0-1: Ball
1-1: Grounds into double play, 4-6-3 (Groundball, 4, EV 86.3 MPH)
Batting: RHB Sixto Peña 0-0: Called Strike
0-1: Foul Ball, location: 25FF
0-2: Foul Ball, location: 5F
0-2: Strikes out looking
Top of the 8th over - 0 runs, 0 hits, 0 errors, 0 left on base; Washington 0 - Colorado 7
BOTTOM OF THE 8TH
Colorado Rams batting - Pitching for Washington Griffins : RHP Sixto Peña
Batting: RHB Luis Rogers 0-0: Ball
1-0: Fly out, F7 (Line Drive, 7, EV 88.1 MPH)
Batting: RHB Paul Williams 0-0: Foul Ball, location: 2F
0-1: Ground out 3-1 (Groundball, 34S, EV 85.6 MPH)
Batting: RHB Edgar Sosa 0-0: Ball
1-0: Ball
2-0: Foul Ball, location: 5FF
2-1: Foul Ball, location: 3F
2-2: Ground out U3 (Groundball, 34, EV 88.8 MPH)
Bottom of the 8th over - 0 runs, 0 hits, 0 errors, 0 left on base; Washington 0 - Colorado 7
TOP OF THE 9TH
Washington Griffins batting - Pitching for Colorado Rams : RHP Johão Marim
Pitching: RHP Oliver Courtier
Batting: RHB Burt Session 0-0: Foul Ball, location: 9LDF
0-1: Called Strike
0-2: Ball
1-2: Foul Ball, location: 9LMF
1-2: Strikes out swinging
Batting: SHB José Falinas 0-0: TRIPLE (Flyball, 9LD, EV 101.3 MPH)
Batting: SHB Manny Espinoza 0-0: Fly out, F4 (Line Drive, 4, EV 70.0 MPH)
Batting: RHB Duncan Martin 0-0: Foul Ball, location: 9LMF
0-1: Fly out, F9 (Flyball, 89XD, EV 89.4 MPH)
Top of the 9th over - 0 runs, 1 hit, 0 errors, 1 left on base; Washington 0 - Colorado 7
Wednesday, May 15th , 2024 - OOTP Baseball 24.6 Build 69